 Dungeon Crawl Stone Soup version 0.28-a0-863-g8cecda6153 (webtiles) character file.

Game seed: 15514102910544514227

110 browni3141 the Magician (level 5, -3/40 HPs)
             Began as a Djinni Fire Elementalist on Nov 19, 2021.
             Slain by a scorpion (7 damage)
             ... on level 3 of the Dungeon.
             The game lasted 00:07:46 (4782 turns).

browni3141 the Magician (Djinni Fire Elementalist)  Turns: 4782, Time: 00:07:47

Health: -3/40      AC:  3    Str: 13    XL:     5   Next: 14%
Gold:   106        EV: 12    Int: 18    God:
                   SH:  5    Dex: 13

rFire   + + .      SeeInvis .   e - +0 dagger
rCold   x . .      Faith    .   (no shield)
rNeg    . . .      Spirit   .   b - +0 leather armour
rPois   ∞          Reflect  +   (no helmet)
rElec   .          Harm     .   (no cloak)
rCorr   .          Rampage  .   (no gloves)
Will    .....                   (boots unavailable)
Stlth   ++........              n - amulet of reflection
HPRegen 0.13/turn               o - +6 ring of strength
MPRegen 0.00/turn               (no ring)

@: flying
A: sickness immunity, fire resistance 2, cold vulnerability 1, float, innate
caster, hp casting, extra vitality 1
a: no special abilities


You were on level 3 of the Dungeon.
You visited 1 branch of the dungeon, and saw 4 of its levels.

You collected 176 gold pieces.
You spent 70 gold pieces at shops.

Inventory:

Hand Weapons
 e - a +0 dagger (weapon)
 p - a +0 falchion
Missiles
 f - 60 stones
Armour
 a - a +0 robe
 b - a +0 leather armour (worn)
 c - a +0 chain mail of fire resistance
Jewellery
 n - an amulet of reflection (around neck)
 o - a +6 ring of strength (left hand)
Scrolls
 i - 2 scrolls of blinking {unknown}
 l - 2 scrolls of teleportation {unknown}
 m - 2 scrolls of identify {unknown}
 q - a scroll of acquirement {unknown}
Potions
 d - a potion of haste {unknown}
 g - a potion of cancellation {unknown}
 h - a potion of degeneration {unknown}
 j - a potion of attraction {unknown}
 k - a potion of heal wounds


   Skills:
 * Level 2.8 Fighting
 - Level 2.2 Dodging
 - Level 1.6 Stealth
 * Level 3.4 Spellcasting


You couldn't memorise any spells.
You knew the following spells:

 Your Spells              Type           Power      Damage    Failure   Level
a - Foxfire               Conj/Fire      60%        2x1d7     4%          1
b - Scorch                Fire           30%        2d6       7%          2
c - Conjure Flame         Conj/Fire      15%        6-21      14%         3
d - Inner Flame           Hex/Fire       15%        N/A       14%         3
e - Flame Wave            Conj/Fire      15%        3d5       43%         4
f - Animate Skeleton      Necr           30%        N/A       4%          1
g - Call Imp              Summ           15%        N/A       7%          2
Your spell library was empty.

Dungeon Overview and Level Annotations

Branches:
Dungeon (4/15)
 Temple: D:4-7

Altars:
Ashenzari
Nemelex Xobeh
Trog
Zin

Shops:
D:2 !


Innate Abilities, Weirdness & Mutations

You are immune to sickness and miasma.
You are immune to poison.
Your flesh is very heat resistant. (rF++)
You are vulnerable to cold. (rC-)
You float through the air rather than walking.
You learn spells naturally, not from books.
Your magical power is your life essence.
You have superior vitality. (+4 HP)


Message History

You attempt to give life to the dead...
Before your eyes, flesh is ripped from the corpse!
The dead are walking!
There is a stone staircase leading down here.
You fly downwards.
Your mindless thrall stays behind.
The scorpion stings you.
There is a stone staircase leading up here.
You block the scorpion's attack. The scorpion closely misses you.
You fly upwards.
Your orc skeleton crumbles into dust!
There is a stone staircase leading down here.
You hit the scorpion but do no damage. The scorpion barely misses you.
You barely miss the scorpion. You block the scorpion's attack.
You hit the scorpion but do no damage. The scorpion stings you.
You closely miss the scorpion. The scorpion misses you.
You hit the scorpion but do no damage. You block the scorpion's attack.
The scorpion closely misses you.
You hit the scorpion but do no damage. You block the scorpion's attack.
You hit the scorpion but do no damage.
The scorpion stings you but does no damage.
You hit the scorpion but do no damage. The scorpion stings you.
You hit the scorpion but do no damage. The scorpion barely misses you.
You closely miss the scorpion. The scorpion stings you. x2
You see here a quokka corpse.
Casting: Animate Skeleton (safe; 4% risk of failure)
Confirm with . or Enter, or press ? or * to list all spells.
You attempt to give life to the dead...
Before your eyes, flesh is ripped from the corpse!
The dead are walking!
The scorpion stings you!
* * * LOW HITPOINT WARNING * * *
Unknown command.
You hit the scorpion.
The scorpion is lightly wounded.
The scorpion barely misses you.
You closely miss the scorpion.
The scorpion is lightly wounded.
The scorpion stings you!
* * * LOW HITPOINT WARNING * * *
Your orc skeleton hits the scorpion with a +0 club.
The scorpion stings you!
You die...

#..))#......).#>#.#.#..'.........
....###+#+###.#<#.#...##......###
....###.#.###...#.######......###
...##.#.#.......................)
.####.#.####.........#.......####
## #.#....)...>.....#.......#
#.######...)Z....#.......#### #.#
#....s....#..........# #.#
#....@.####......###.. #.#
######.# #.....##.##. #.# #####.#
#.....#...#. #.# #.....#
##..####.### #.# #.#####
#.##..#'#.. #.# #.#
######.#..)'.'._ #####.# #.#
#......##.##.##. ......#
#.####.####..###.#.##
#############.#..............#...


You could see a scorpion (ally target) and a friendly orc skeleton.

Vanquished Creatures
  4 adders
  A worm (D:3)
  4 orcs (D:3)
  5 ball pythons
  3 endoplasms
  A giant cockroach (D:2)
  12 goblins
  3 hobgoblins
  5 jackals (D:2)
  6 kobolds
  3 quokkas
  5 bats
  A frilled lizard (D:2)
  10 rats
63 creatures vanquished.

Vanquished Creatures (collateral kills)
  A kobold (D:2)
1 creature vanquished.

Vanquished Creatures (others)
  103 foxfires
  A fungus (D:2)
  3 plants (D:2)
107 creatures vanquished.

Grand Total: 171 creatures vanquished

Notes
Turn   | Place    | Note
-------+----------+-------------------------------------------
     0 | D:1      | browni3141 the Djinni Fire Elementalist began the quest for
                  | the Orb.
     0 | D:1      | Reached XP level 1. HP: 15/15 MP: 0/0
   294 | D:1      | Reached XP level 2. HP: 21/22 MP: 0/0
   431 | D:1      | Reached skill level 1 in Fighting
   787 | D:1      | Reached XP level 3. HP: 25/27 MP: 0/0
   787 | D:1      | Learned a level 1 spell: Animate Skeleton
  1752 | D:2      | Found a faded altar of an unknown god.
  1777 | D:2      | Reached skill level 3 in Spellcasting
  2116 | D:2      | Reached XP level 4. HP: 29/33 MP: 0/0
  2155 | D:2      | Found Mibelil's Distillery.
  2163 | D:2      | Bought a potion of heal wounds for 70 gold pieces
  2932 | D:3      | Found a glowing silver altar of Zin.
  3345 | D:3      | Found a sparkling altar of Nemelex Xobeh.
  3761 | D:3      | Noticed a moth of wrath
  3764 | D:3      | Found a bloodstained altar of Trog.
  4097 | D:3      | Found a broken altar of Ashenzari.
  4291 | D:3      | Reached XP level 5. HP: 21/39 MP: 0/0
  4291 | D:3      | Learned a level 2 spell: Call Imp
  4782 | D:3      | Slain by a scorpion

Illustrated notes

Levels and vault maps discovered:
D:1:      tarquinn_simple_flora_water_f, layout_loops_cross, minivault_23,
          lemuel_flame_loot_1
D:2:      kennysheep_the_goblin_king, layout_rooms,
          shapermc_ecumenical_altar_rom_forum, serial_shops, shop,
          serial_bayou_pond_c, chequers_serial_rivers_small_b,
          amcnicky_mini_rare_corridor_liquid, grunt_ministairs_13
D:3:      layout_basic, zin_scriptorium, tgw_trog, ashenzari_altar_1,
          nemelex_dance_club_becter
D:4:      minmay_spotlight, layout_basic, mainiacjoe_overflow_six_doors_small,
          grunt_temple_overflow_open, ebering_ghost_reflecting_pool

Skill      XL: |  1  2  3 |
---------------+----------+-----
Fighting       | 1 2 |  2.8
Spellcasting   | 3 |  3.4
Dodging        | |  2.2
Stealth        | |  1.6

Action                   |  1- 3 |  4- 6 || total
-------------------------+-------+-------++-------
Melee: Dagger            |    21 |   129 ||   150
       Unarmed           |     1 |       ||     1
       Falchion          |       |     7 ||     7
 Cast: Foxfire           |    39 |    22 ||    61
       Animate Skeleton  |     2 |     2 ||     4
 Stab: Sleeping          |     3 |     1 ||     4
Armor: Robe              |    16 |     4 ||    20
       Leather armour    |       |    19 ||    19
Dodge: Dodged            |    50 |    84 ||   134
Block: Other             |       |    41 ||    41

Table legend: (Time is in decaauts)
 A = Elapsed time spent in this place.
 B = Non-inter-level travel time spent in this place.
 C = Inter-level travel time spent in this place.
 D = Time resting spent in this place.
 E = Time spent auto-exploring this place.
 F = Levels seen in this place.
 G = Mean time per level.
                   A        B        C        D        E       F      G
               +--------+--------+--------+--------+--------+-----+--------+
         Total |   4783 |   4646 |    137 |    694 |   3257 |   4 | 1195.8 |
       Dungeon |   4783 |   4646 |    137 |    694 |   3257 |   4 | 1195.8 |
               +--------+--------+--------+--------+--------+-----+--------+

Top non-repeatable levels by time:
     D:3: 1856 daAuts
     D:1: 1751 daAuts
     D:2: 1169 daAuts
     D:4: 6 daAuts
